Map: Emerald City LE

Players

Massa

  • Race: Terran Terran
  • League: Platinum
  • Spawn Location: 11:00

qqq

  • Race: Zerg Zerg
  • League: Platinum
  • Spawn Location: 11:00

Stroke - Winner!

  • Race: Protoss Protoss
  • Spawn Location: 5:00

Exb - Winner!

  • Race: Zerg Zerg
  • League: Diamond
  • Spawn Location: 5:00

VOD

Have the link to the VOD?

Description

Time

  • Played on: Sept. 27, 2020, 4:30 p.m.
  • Length: 30:13
Show
View Real Time Build Order
Export as new Build Order

Massa Terran 

Build Orders:  

Get SALT Encoding   

  12  0:01  SCV  
  13  0:13  SCV  
  14  0:19  Supply Depot  
  14  0:25  SCV  
  15  0:40  SCV  
  15  0:42  Barracks  
  16  0:52  SCV  
  16  0:53  Refinery  
  17  1:04  SCV  
  18  1:17  SCV  
  19  1:29  SCV  
  20  1:38  Reaper  
  21  1:43  Orbital Command  
  21  1:54  Command Center  
  21  2:03  Supply Depot  
  21  2:09  SCV  
  21  2:10  Marine  
  23  2:24  SCV  
  23  2:25  Factory  
  24  2:36  Barracks Reactor  
  24  3:12  Orbital Command  
  24  3:14  SCV  
  25  3:24  Command Center  
  25  3:26  SCV  
  26  3:28  Starport  
  26  3:29  Engineering Bay  
  26  3:34  Barracks Tech Lab  
  26  3:35  Supply Depot  
  26  3:40  SCV x2  
  28  3:46  Hellion x2  
  32  3:52  SCV  
  33  4:00  Missile Turret  
  33  4:04  Missile Turret  
  33  4:08  Hellion x2  
  36  4:20  SCV x2  
  36  4:22  Missile Turret  
  38  4:25  Missile Turret  
  38  4:27  Terran Infantry Weapons Level 1  
  38  4:31  Medivac  
  38  4:32  SCV x2  
  38  4:35  Refinery, Orbital Command  
  42  4:42  Marauder  
  42  4:44  SCV x2  
  46  4:56  SCV x2  
  46  4:59  Hellion  
  52  5:00  Hellion  
  53  5:08  SCV x2  
  54  5:20  SCV x2  
  54  5:21  Hellion x2  
  60  5:29  Factory  
  60  5:32  Orbital Command, Marauder, SCV x2  
  64  5:37  Barracks  
  64  5:41  Barracks  
  64  5:43  Barracks  
  64  5:44  SCV  
  65  5:54  Marauder  
  67  6:01  Refinery  
  51  6:26  Hellion x2  
  51  6:28  Factory Tech Lab  
  51  6:31  Starport Reactor  
  51  6:32  Barracks Reactor x2  
  55  6:33  Barracks Tech Lab  
  55  6:37  Marauder  
  57  6:45  Missile Turret x2  
  57  6:47  Hellion x2  
  57  6:48  Missile Turret  
  61  6:58  Marauder  
  61  6:59  Marine  
  64  7:05  Cyclone  
  64  7:06  Missile Turret  
  67  7:09  Hellion  
  67  7:10  Supply Depot  
  67  7:11  Supply Depot  
  67  7:13  Supply Depot  
  69  7:16  Supply Depot  
  69  7:18  Supply Depot  
  69  7:20  Supply Depot  
  69  7:32  SCV x3, Marine x2, Terran Infantry Armor Level 1  
  69  7:35  Supply Depot x2  
  74  7:37  Armory, Supply Depot  
  74  7:38  Engineering Bay  
  74  7:40  Supply Depot  
  74  7:41  Cyclone, Supply Depot  
  74  7:42  Supply Depot  
  77  7:45  Widow Mine x2  
  77  7:49  Marine x2  
  83  7:56  SCV x3  
  86  8:03  Supply Depot  
  86  8:05  Supply Depot x2  
  86  8:07  Widow Mine x2, Refinery, Command Center  
  86  8:08  SCV x3  
  93  8:18  Viking x2  
  97  8:30  Marauder x2  
  97  8:31  Marine  
  97  8:32  Marine x3  
  105  8:39  Refinery  
  102  8:48  Viking  
  102  8:49  Marine x4  
  102  8:51  Marauder, Marine  
  108  8:57  Siege Tank  
  100  9:29  Siege Tank  
  103  9:52  Stimpack  
  95  9:53  Combat Shield  
  94  10:07  Viking x2  
  75  10:09  Marauder x2, Marine  
  75  10:10  Marine x3  
  76  10:27  Marine  
  76  10:28  Marine x3  
  80  10:30  Marauder x2  
  84  10:36  Viking  
  84  10:37  Viking  
  84  10:41  Planetary Fortress  
  86  10:45  Marine  
  86  10:46  SCV x3  
  90  10:52  Marauder x2  
  94  10:58  SCV x3  
  90  11:10  SCV  
  89  11:13  Marauder x2  
  89  11:15  Marine  
  89  11:16  Marine x3  
  97  11:22  Terran Vehicle Weapons Level 1  
  97  11:23  Terran Infantry Armor Level 2, Terran Infantry Weapons Level 2  
  97  11:29  Barracks  
  97  11:30  Barracks  
  95  11:33  Marine x3  
  95  11:34  Marauder x2, Marine  
  95  11:35  Barracks  
  101  11:42  Barracks  
  101  11:51  Marine x4  
  101  11:53  Missile Turret  
  105  11:56  Marauder x2  
  109  12:03  Refinery  
  109  12:08  Widow Mine x2  
  113  12:09  Marine x4  
  113  12:11  Hellion  
  113  12:13  Missile Turret  
  119  12:17  Marauder x2  
  119  12:20  Barracks Reactor  
  123  12:23  Barracks Reactor x2  
  123  12:26  Marine  
  123  12:27  Marine x3  
  123  12:29  Widow Mine, Hellion  
  131  12:32  Widow Mine  
  133  12:38  Marauder, Marine  
  129  12:44  Marine  
  129  12:45  Marine x3  
  127  12:56  Marauder  
  129  13:00  Marauder  
  129  13:02  Marine  
  129  13:03  Marine x3  
  135  13:07  Siege Tank  
  135  13:09  Widow Mine x2  
  142  13:14  Marine  
  142  13:15  Marine x6  
  142  13:18  Marauder  
  151  13:20  Marine x4  
  151  13:21  Marine  
  151  13:24  Terran Vehicle And Ship Armor Level 1  
  156  13:30  Viking x2  
  156  13:31  Widow Mine x2  
  156  13:32  Marine  
  156  13:33  Marine x6  
  170  13:38  Marine x4  
  170  13:39  Marauder x2, Siege Tank  
  179  13:50  Marine  
  179  13:51  Marine x6  
  182  13:55  Marine  
  182  13:56  Marine x3  
  182  13:58  Missile Turret  
  182  14:00  Marauder x2, Viking x2  
  174  14:08  Marine x5  
  174  14:09  Marine x2  
  177  14:12  Siege Tank  
  161  14:21  Marine x2  
  155  14:27  Marine  
  155  14:30  Viking  
  114  14:42  Marauder  
  114  14:43  Marauder, Marine x10  
  114  14:44  Marine, Siege Tank  
  112  15:00  Marine  
  112  15:01  Marine x9  
  112  15:02  Marine  
  112  15:04  Marauder x2  
  131  15:14  Widow Mine x2  
  131  15:16  Siege Tank  
  131  15:18  Marine  
  131  15:19  Marine x9  
  131  15:20  Marine  
  145  15:25  Marauder  
  145  15:26  Marauder  
  149  15:31  Terran Infantry Armor Level 3  
  149  15:32  Terran Infantry Weapons Level 3  
  149  15:34  Medivac x2  
  157  15:35  Widow Mine x2  
  157  15:36  Marine  
  157  15:37  Marine x9  
  157  15:38  Marine  
  168  15:46  Marauder  
  168  15:47  Marauder  
  168  15:48  Siege Tank  
  175  15:54  Marine x8  
  175  15:55  Marine x2  
  175  15:56  Marine  
  186  16:04  Medivac x2  
  186  16:08  Marauder x2  
  178  16:14  Marine  
  166  16:29  Marauder  
  166  16:30  Marauder  
  132  17:21  Missile Turret  
  132  17:23  Missile Turret  
  132  17:24  Marauder, Marine, Missile Turret  
  132  17:25  Marauder, Marine x9  
  132  17:27  Barracks Tech Lab  
  149  17:37  Siege Tank  
  149  17:38  Widow Mine x2  
  149  17:42  Marine  
  149  17:43  Marine x6  
  160  17:45  Marauder  
  160  17:46  Marauder  
  144  17:59  Widow Mine  
  144  18:00  Widow Mine  
  133  18:07  Marauder x2  
  133  18:09  Siege Tank  
  115  18:21  Widow Mine x2  
  113  18:28  Marauder  
  113  18:29  Marauder  
  104  18:34  Marauder  
  104  18:35  Marine  
  104  18:36  Marine x9  
  119  18:41  Siege Tank  
  119  18:42  Terran Vehicle And Ship Armor Level 2  
  119  18:45  Hi-Sec Auto Tracking  
  119  18:47  Armory  
  119  18:50  Marauder x2  
  119  18:53  Marine x10  
  131  18:56  Marauder  
  133  19:11  Marauder x2, Marine x10  
  133  19:13  Siege Tank  
  150  19:17  Marauder  
  148  19:28  Marine  
  148  19:29  Marine x9  
  156  19:32  Marauder  
  156  19:33  Marauder  
  160  19:38  Marauder  
  162  19:46  Marine  
  162  19:47  Marine x8  
  171  19:54  Marauder x2  
  175  20:00  Marauder  
  175  20:05  Marine  
  157  20:15  Marauder  
  157  20:16  Marauder  
  157  20:19  Medivac x2  
  166  20:21  Marauder  
  138  20:36  Marauder  
  138  20:37  Marauder  
  143  20:43  Marauder  
  143  20:49  Medivac x2  
  131  20:56  Marine  
  126  20:58  Marauder x2  
  132  21:04  Marauder  
  132  21:19  Marauder  
  132  21:20  Marauder  
  136  21:25  Marauder  
  114  21:41  Marauder x2  
  120  21:47  Marauder  
  120  22:02  Marauder  
  120  22:03  Marauder  
  120  22:06  Orbital Command  
  123  22:08  Marauder  
  123  22:14  Marine  
  123  22:15  Marine x8  
  130  22:23  Marauder  
  130  22:24  Marauder  
  136  22:30  Marauder  
  134  22:45  Marauder  
  123  23:25  Marine x2  
  123  23:26  Marauder x3, Marine x4  
  123  23:27  Marine x4  
  132  23:43  Marine x2  
  132  23:47  Marauder x2  
  132  23:48  Marauder  
  129  24:09  Marauder x3  
  125  24:30  Marauder x3  
  122  24:41  Viking  
  122  24:42  Viking  
  124  25:11  Viking  
  113  26:17  Orbital Command  
  107  27:08  Marine x2  
  107  27:09  Marauder x2, Marine x3  
  107  27:10  Marauder, Marine x5  
  123  27:26  Marine x3  
  123  27:27  Marine  
  127  27:30  Marauder x2  
  130  28:04  Marauder x3  
  130  28:05  Marine x4  
  132  28:06  Marine x4  
  132  28:07  Marine  
  132  28:11  Marine  
  120  28:22  Marine  
  120  28:23  Marine x4  
  120  28:24  Marine x2  
  120  28:25  Marauder  
  120  28:26  Marauder x2  
  125  28:47  Marauder x3  
  122  29:01  Command Center  
  121  29:08  Marauder  
  106  29:37  Marine  
  106  29:38  Marauder x3, Marine x4  
  111  29:39  Marine x4  
Show
View Real Time Build Order
Export as new Build Order

qqq Zerg 

Build Orders: Hatch First, Lurkers 

Get SALT Encoding   

  12  0:03  Drone  
  13  0:09  Drone  
  14  0:36  Hatchery  
  13  0:51  Spawning Pool  
  12  1:03  Drone  
  12  1:04  Overlord  
  13  1:10  Drone  
  14  1:27  Drone  
  14  1:29  Drone  
  14  1:31  Extractor  
  15  1:45  Drone  
  16  1:47  Drone  
  16  1:51  Queen  
  19  2:05  Drone  
  19  2:06  Drone x2  
  22  2:15  Spine Crawler  
  21  2:17  Drone  
  21  2:20  Drone  
  21  2:21  Drone  
  24  2:25  Drone  
  25  2:31  Metabolic Boost  
  25  2:34  Zergling x2  
  26  2:37  Drone  
  26  2:41  Zergling x2  
  28  2:59  Overlord x2  
  28  3:00  Overlord  
  28  3:13  Lair  
  28  3:16  Queen  
  30  3:20  Zergling x6  
  30  3:21  Drone  
  30  3:25  Drone  
  30  3:26  Drone  
  36  3:32  Zergling x2  
  37  3:38  Baneling Nest  
  37  3:40  Drone, Zergling x2  
  38  3:41  Zergling x2  
  39  3:48  Drone x2  
  39  3:49  Zergling x2  
  42  3:57  Zergling x2  
  42  3:58  Drone  
  40  4:30  Spore Crawler  
  37  4:31  Drone x4  
  40  4:41  Hydralisk Den  
  40  4:42  Spore Crawler  
  40  4:45  Drone, Zergling x4  
  41  4:46  Zergling x2  
  42  5:00  Drone  
  42  5:03  Drone x2  
  45  5:13  Hatchery  
  37  5:51  Zergling x10  
  37  5:52  Zergling x2  
  37  6:19  Zergling x4  
  37  6:21  Baneling x4  
  37  6:22  Baneling  
  37  6:23  Hydralisk  
  37  6:25  Drone  
  42  6:28  Extractor  
  42  6:29  Extractor  
  40  6:35  Drone  
  40  6:36  Drone x2  
  40  6:39  Extractor, Hatchery  
  40  6:52  Hatchery  
  37  7:03  Hatchery  
  37  7:05  Overlord x2  
  33  7:12  Overlord  
  33  7:13  Overlord x2  
  33  7:16  Muscular Augments  
  33  7:28  Drone x2  
  33  7:29  Drone x7  
  42  7:30  Hydralisk  
  44  7:42  Drone x2  
  44  7:43  Spore Crawler  
  45  7:49  Spine Crawler, Spore Crawler  
  43  7:53  Drone x3  
  43  7:54  Drone, Hydralisk x2, Spore Crawler  
  50  8:09  Drone x3  
  50  8:10  Hydralisk x2  
  57  8:20  Drone x2  
  59  8:28  Drone x3  
  59  8:29  Drone x7  
  59  8:30  Overlord x4  
  59  8:31  Overlord  
  69  8:39  Drone x3  
  69  8:40  Hydralisk  
  72  8:57  Baneling x5  
  72  9:05  Hydralisk x2  
  72  9:06  Zergling x6  
  72  9:07  Zergling x12  
  72  9:08  Zergling x8  
  85  9:17  Drone x4  
  89  9:30  Spine Crawler  
  88  9:35  Drone x2, Spore Crawler  
  89  9:39  Drone  
  89  9:40  Hydralisk x2  
  89  9:41  Spore Crawler  
  89  9:42  Grooved Spines  
  93  9:46  Lurker Den  
  93  9:49  Evolution Chamber  
  93  9:52  Infestation Pit  
  80  10:26  Hydralisk x6  
  80  10:28  Drone x2, Zergling x2  
  87  10:29  Zergling x6  
  84  10:39  Zerg Melee Weapons Level 1  
  84  10:42  Hive  
  84  10:44  Lurker  
  84  10:45  Lurker  
  84  10:46  Zergling x4  
  84  10:47  Zergling x2  
  67  11:29  Hydralisk x6  
  67  11:31  Drone x3  
  82  11:39  Lurker x2  
  84  11:41  Queen  
  84  11:43  Hatchery  
  85  11:54  Extractor, Queen  
  85  11:55  Extractor, Drone x2  
  87  12:01  Hatchery  
  86  12:28  Seismic Spines  
  86  12:33  Zerg Ground Armor Level 1  
  68  12:58  Zergling x12  
  64  12:59  Drone x4  
  70  13:07  Lurker x4  
  70  13:08  Lurker  
  70  13:09  Zergling x4  
  70  13:10  Drone  
  78  13:21  Spine Crawler, Spore Crawler  
  78  13:23  Drone  
  78  13:24  Spine Crawler  
  78  13:25  Adaptive Talons  
  78  13:26  Spine Crawler, Spore Crawler  
  74  13:28  Hydralisk x2  
  78  13:53  Hydralisk x4  
  78  13:54  Zergling x6  
  81  14:02  Hydralisk  
  77  14:12  Drone x2  
  77  14:13  Drone  
  77  14:17  Drone x3  
  79  14:23  Hydralisk x3  
  79  14:24  Hydralisk x3  
  84  14:25  Hatchery, Drone x4  
  95  14:41  Drone x2  
  95  14:42  Zergling x4  
  95  14:44  Infestor x2  
  103  14:48  Burrow  
  103  14:58  Extractor  
  102  15:00  Drone x4, Extractor  
  102  15:02  Queen  
  102  15:04  Extractor  
  106  15:10  Zergling x2, Lurker x2  
  106  15:11  Zergling x6, Overlord  
  106  15:12  Overlord  
  106  15:13  Overlord  
  112  15:17  Hatchery  
  111  15:24  Lurker  
  111  15:26  Overlord x2  
  111  15:27  Overlord  
  107  15:44  Zergling x2  
  107  15:45  Zergling x4  
  107  15:54  Hydralisk  
  107  15:55  Hydralisk  
  107  15:56  Neural Parasite  
  97  16:31  Hydralisk x6  
  101  16:33  Drone x6  
  101  16:34  Drone x7  
  101  16:38  Spore Crawler  
  112  16:43  Spore Crawler  
  109  16:51  Zergling x4  
  109  16:52  Drone  
  109  16:53  Drone x2  
  108  16:59  Drone, Spore Crawler  
  103  17:17  Lurker x2  
  107  17:23  Drone  
  107  17:24  Drone x2  
  96  17:56  Lurker x2  
  96  17:57  Drone x5  
  103  17:59  Drone x3  
  106  18:10  Hydralisk  
  106  18:12  Zergling x2  
  109  18:14  Lurker  
  109  18:15  Hatchery  
  109  18:20  Hatchery x2  
  107  18:29  Spore Crawler  
  107  18:31  Spore Crawler  
  107  18:32  Spore Crawler  
  104  18:38  Hydralisk x3  
  104  18:39  Zergling x4  
  112  18:41  Drone  
  109  19:11  Drone  
  109  19:12  Drone x5  
  115  19:22  Drone x2  
  117  19:32  Drone  
  118  19:42  Drone  
  118  19:43  Drone x3  
  119  19:47  Drone  
  109  20:05  Lurker x3  
  112  20:07  Drone x3  
  112  20:11  Drone x2  
  112  20:12  Drone x4  
  120  20:14  Spore Crawler  
  120  20:18  Spore Crawler  
  116  20:26  Pneumatized Carapace  
  116  20:28  Overseer  
  97  20:52  Hydralisk x6  
  97  20:53  Hydralisk x3  
  97  20:54  Drone x2, Hydralisk  
  117  21:13  Hatchery  
  117  21:17  Drone x2  
  117  21:18  Drone x2  
  117  21:21  Extractor  
  110  21:59  Lurker  
  110  22:00  Hydralisk, Lurker x5  
  110  22:01  Hydralisk x3  
  118  22:03  Drone x2  
  118  22:06  Hatchery  
  125  22:26  Hatchery  
  124  22:35  Zerg Melee Weapons Level 2  
  124  22:36  Ultralisk Cavern  
  116  22:56  Hydralisk x3  
  116  22:57  Zergling x2  
  116  22:58  Zergling x8  
  124  22:59  Drone x3  
  124  23:02  Spore Crawler  
  124  23:03  Spore Crawler  
  115  23:31  Drone x2  
  104  23:47  Extractor  
  104  23:48  Extractor  
  99  23:55  Drone x5  
  104  23:56  Zergling x4  
  104  23:57  Zergling x16  
  104  23:58  Zergling x4  
  104  24:02  Spore Crawler x2  
  114  24:06  Extractor  
  114  24:07  Extractor  
  109  24:12  Zergling x8  
  112  24:28  Zergling x8  
  112  24:29  Drone x5  
  112  24:30  Drone  
  120  24:34  Extractor  
  120  24:35  Spine Crawler  
  120  24:36  Spore Crawler  
  120  24:38  Spine Crawler  
  108  24:52  Zerg Missile Weapons Level 1  
  103  24:57  Zergling x2  
  103  24:58  Zergling x8  
  103  24:59  Drone, Zergling x14  
  104  25:00  Drone x3, Hatchery  
  98  25:08  Spore Crawler  
  90  25:16  Zergling x8  
  91  25:53  Hydralisk x2  
  91  25:55  Zergling x2  
  91  25:56  Zergling x14  
  91  25:57  Zergling x4  
  103  26:07  Hatchery, Hydralisk  
  99  26:23  Spore Crawler  
  99  26:25  Spore Crawler x2  
  93  26:26  Spore Crawler  
  93  26:28  Drone x2, Spore Crawler  
  93  26:30  Extractor, Spore Crawler  
  79  26:34  Extractor  
  73  26:45  Zerg Ground Armor Level 2, Zergling x2  
  73  26:46  Zergling x14  
  73  26:47  Zergling x6  
  80  26:52  Drone  
  79  27:03  Hydralisk  
  79  27:04  Zergling x6  
  64  27:45  Zergling x4  
  64  27:46  Zergling x14  
  64  27:49  Drone x3  
  68  27:54  Zergling x6  
  71  28:00  Drone  
  71  28:01  Zergling x4  
  72  28:13  Hydralisk  
  72  28:14  Hydralisk x2  
  72  28:16  Drone x2  
  77  28:26  Spore Crawler x2  
  72  28:28  Spore Crawler  
  55  29:23  Zergling x2  
  55  29:24  Zergling x14  
  53  29:25  Zergling x6  
  61  29:36  Infestor  
Show
View Real Time Build Order
Export as new Build Order

Stroke Protoss - Winner!

Build Orders: Oracle Opening 

Get SALT Encoding   

  12  0:00  Probe  
  13  0:12  Probe  
  14  0:20  Pylon  
  14  0:24  Probe  
  15  0:38  Probe (Chrono Boost)  
  15  0:40  Gateway  
  17  0:50  Probe (Chrono Boost), Assimilator  
  17  1:00  Probe  
  18  1:12  Probe (Chrono Boost)  
  19  1:22  Probe (Chrono Boost)  
  20  1:30  Cybernetics Core  
  20  1:34  Assimilator  
  20  1:35  Probe  
  21  1:46  Pylon  
  20  1:47  Probe  
  21  1:59  Nexus  
  21  2:02  Probe  
  22  2:12  Stargate  
  22  2:15  Probe  
  23  2:20  Zealot (Chrono Boost)  
  25  2:29  Warp Gate  
  25  2:42  Shield Battery  
  25  3:04  Oracle  
  28  3:06  Probe  
  29  3:13  Gateway  
  29  3:14  Probe  
  29  3:18  Probe  
  31  3:22  Pylon  
  31  3:26  Probe  
  32  3:38  Probe  
  36  3:41  Oracle  
  36  3:47  Probe  
  37  3:50  Probe  
  38  3:58  Robotics Facility  
  38  3:59  Probe  
  39  4:03  Probe  
  38  4:28  Void Ray  
  38  4:37  Probe x2  
  44  4:40  Assimilator  
  44  4:43  Shield Battery  
  44  4:48  Observer  
  44  4:49  Probe (Chrono Boost)  
  44  4:50  Probe (Chrono Boost)  
  47  4:54  Robotics Bay  
  47  4:57  Adept x2  
  51  5:00  Assimilator  
  51  5:02  Probe x2 (Chrono Boost)  
  53  5:08  Forge  
  53  5:09  Forge  
  53  5:10  Probe (Chrono Boost)  
  54  5:36  Pylon  
  54  5:38  Pylon  
  54  5:54  Probe x2  
  54  5:56  Stalker x2  
  56  6:06  Probe x2  
  58  6:20  Stalker x2  
  62  6:54  Adept  
  62  6:55  Adept  
  62  7:00  Protoss Ground Weapons Level 1 (Chrono Boost), Protoss Ground Armor Level 1 (Chrono Boost)  
  66  7:04  Gateway  
  66  7:05  Gateway  
  66  7:08  Gateway  
  66  7:10  Gateway  
  66  7:12  Probe x2, Gateway  
  68  7:16  Pylon  
  68  7:18  Pylon  
  68  7:19  Pylon  
  68  7:21  Pylon  
  68  7:24  Probe, Photon Cannon  
  68  7:25  Probe  
  68  7:26  Photon Cannon  
  68  7:29  Photon Cannon  
  70  7:32  Photon Cannon  
  70  7:33  Colossus, Shield Battery  
  70  7:37  Probe  
  77  7:46  Pylon  
  77  8:17  Twilight Council  
  77  8:18  Gateway  
  77  8:20  Gateway  
  77  8:24  Zealot x7, Pylon  
  91  8:27  Colossus  
  92  9:14  Protoss Ground Weapons Level 2 (Chrono Boost), Protoss Ground Armor Level 2 (Chrono Boost)  
  92  9:16  Charge  
  90  9:20  Colossus  
  90  9:22  Extended Thermal Lance  
  96  9:25  Zealot x9  
  110  10:07  Observer  
  110  10:14  Colossus  
  110  10:16  Zealot  
  118  10:22  Pylon  
  118  10:24  Pylon  
  118  10:26  Pylon  
  118  10:28  Pylon  
  118  10:50  Observer  
  104  11:13  Stalker x4  
  104  11:14  Stalker x5  
  104  11:16  Blink  
  128  11:19  Disruptor  
  125  11:54  Disruptor  
  128  12:27  Nexus  
  128  12:30  Disruptor, Pylon  
  128  12:32  Pylon  
  128  12:34  Pylon  
  111  13:03  Stalker x4  
  111  13:04  Stalker x5  
  129  13:13  Photon Cannon  
  129  13:15  Photon Cannon  
  129  13:17  Photon Cannon  
  129  13:19  Shield Battery  
  129  13:22  Shield Battery  
  129  13:26  Pylon  
  129  13:29  Pylon  
  77  14:42  Stalker x9  
  93  14:50  Assimilator  
  93  14:54  Assimilator  
  91  15:00  Colossus (Chrono Boost)  
  91  15:06  Nexus  
  97  15:10  Pylon, Robotics Facility  
  97  15:11  Pylon  
  97  15:14  Pylon  
  97  15:17  Pylon  
  97  15:31  Zealot x7  
  99  16:11  Zealot  
  99  16:12  Zealot x8  
  92  16:35  Stalker x6  
  104  16:45  Photon Cannon  
  104  16:49  Photon Cannon  
  93  17:11  Disruptor (Chrono Boost)  
  93  17:12  Disruptor (Chrono Boost)  
  99  17:33  Stalker x6  
  99  17:34  Stalker  
  99  17:35  Stalker x2  
  117  17:40  Observer x2  
  117  17:43  Templar Archives  
  93  18:39  Stalker x9  
  109  18:52  Colossus  
  109  18:53  Colossus  
  121  19:07  Observer  
  121  19:12  Stalker x6  
  121  19:13  Stalker x3  
  121  20:12  Stalker x9  
  116  20:52  Nexus  
  107  21:07  Stalker x9  
  118  21:53  Observer x2  
  119  22:14  Observer  
  117  22:16  Stalker x6  
  117  22:17  Stalker x3  
  126  24:14  Stalker x9  
  144  24:18  Nexus  
  144  24:20  Protoss Ground Armor Level 3 (Chrono Boost), Protoss Ground Weapons Level 3 (Chrono Boost)  
  144  24:21  Pylon  
  144  24:24  Pylon  
  144  24:26  Psionic Storm, Pylon  
  144  24:28  Pylon  
  130  25:20  Photon Cannon  
  130  25:22  Photon Cannon  
  130  25:24  Photon Cannon  
  130  25:25  Photon Cannon  
  130  25:27  Photon Cannon  
  130  25:28  Shield Battery  
  130  25:32  Shield Battery  
  130  25:34  Photon Cannon  
  123  25:59  Disruptor (Chrono Boost)  
  123  26:00  Disruptor (Chrono Boost)  
  129  26:14  Assimilator  
  129  26:18  Assimilator  
  129  26:30  Colossus x2 (Chrono Boost)  
  131  26:38  Observer  
  129  27:12  Observer (Chrono Boost)  
  129  27:13  Observer (Chrono Boost)  
  131  27:23  Probe x2  
  133  27:30  Colossus x2  
  131  28:25  Disruptor x2  
  137  28:45  Stalker x6  
  137  28:46  Stalker x3  
  155  29:01  Disruptor x2  
  161  29:18  Probe  
  161  29:19  Probe x2  
  164  29:31  Probe  
  165  29:33  Nexus  
  165  29:37  Pylon  
  114  30:07  Stalker x2  
  114  30:08  Stalker x7  
Show
View Real Time Build Order
Export as new Build Order

Exb Zerg - Winner!

Build Orders: Hatch First 

Get SALT Encoding   

  12  0:01  Drone  
  13  0:12  Overlord  
  13  0:17  Drone  
  14  0:31  Drone x2  
  16  0:40  Drone  
  17  0:45  Drone  
  18  1:02  Hatchery  
  17  1:04  Drone  
  17  1:05  Extractor  
  17  1:14  Spawning Pool  
  17  1:17  Drone  
  17  1:21  Drone  
  18  1:39  Drone  
  20  1:40  Drone  
  20  1:50  Drone  
  21  2:06  Overlord  
  21  2:08  Metabolic Boost  
  21  2:11  Drone  
  22  2:22  Zergling x4  
  24  2:23  Queen  
  24  2:24  Queen  
  28  2:32  Spine Crawler  
  27  2:37  Spine Crawler  
  27  2:38  Spine Crawler  
  26  2:44  Zergling x4  
  27  3:22  Drone  
  27  3:23  Overlord  
  28  3:30  Hatchery  
  27  3:35  Overlord x2  
  27  3:45  Drone x3  
  27  3:46  Drone x2  
  32  3:58  Drone x4  
  33  4:18  Zergling x10  
  38  4:25  Zergling x8  
  38  4:28  Overlord  
  42  4:48  Zergling x4  
  42  4:49  Zergling x10  
  49  4:56  Queen  
  49  4:58  Drone x5  
  56  5:00  Lair  
  56  5:04  Evolution Chamber  
  56  5:05  Evolution Chamber  
  44  5:43  Zergling x8  
  44  5:44  Zergling x18  
  51  5:57  Zergling x10  
  51  5:58  Zergling x2  
  52  6:25  Zergling x2  
  52  6:26  Zergling x10  
  57  6:35  Zerg Ground Armor Level 1  
  57  6:36  Hatchery  
  56  6:41  Drone x5  
  56  6:42  Drone x4  
  56  6:43  Extractor  
  44  7:08  Roach Warren  
  44  7:11  Zerg Missile Weapons Level 1  
  44  7:12  Zergling x6  
  44  7:13  Zergling x16  
  54  7:23  Spine Crawler  
  54  7:24  Spine Crawler  
  54  7:29  Baneling Nest  
  51  7:35  Drone  
  51  7:36  Drone x9  
  61  7:39  Overlord x2  
  61  7:40  Overlord  
  61  7:52  Drone x2  
  61  7:53  Drone  
  61  7:54  Roach x4  
  72  8:01  Roach x5  
  82  8:11  Glial Reconstitution  
  82  8:19  Extractor, Drone x3  
  84  8:23  Roach x4  
  84  8:24  Roach x2  
  84  8:25  Overlord x2  
  84  8:26  Overlord  
  96  8:56  Zergling x18  
  96  8:57  Zergling x20  
  84  9:33  Zergling x2  
  84  9:34  Roach x4  
  84  9:35  Roach x6  
  84  9:36  Roach x6  
  99  10:16  Roach  
  99  10:17  Roach x9  
  115  10:26  Zergling x8  
  115  10:27  Zergling x10  
  119  10:35  Overseer x3  
  102  11:30  Drone x2  
  102  11:31  Drone x16  
  118  11:34  Extractor  
  118  11:35  Extractor  
  118  11:39  Drone  
  117  11:40  Drone x3  
  117  11:43  Overlord x3  
  120  11:58  Infestation Pit  
  120  11:59  Overseer x3  
  89  12:59  Zergling x2, Roach  
  89  13:00  Roach x12  
  89  13:01  Roach x6  
  89  13:03  Extractor  
  89  13:04  Extractor  
  126  13:11  Extractor  
  126  13:12  Zergling x6  
  128  13:13  Zergling x2  
  129  13:45  Queen  
  131  13:48  Roach  
  131  13:49  Roach x5  
  131  13:54  Overlord x4  
  131  13:55  Overlord x3  
  125  14:04  Spire  
  113  14:33  Zergling x2, Roach  
  113  14:34  Roach x10  
  113  14:35  Roach x5  
  128  14:51  Zerg Ground Armor Level 2, Zerg Missile Weapons Level 2  
  116  14:54  Pathogen Glands  
  116  14:56  Infestor x4  
  121  15:21  Overlord  
  121  15:22  Overlord x3  
  121  15:23  Mutalisk x5  
  121  15:24  Mutalisk x7  
  121  15:25  Mutalisk  
  147  15:30  Hatchery  
  146  15:43  Mutalisk  
  146  15:44  Mutalisk x2  
  151  15:50  Neural Parasite  
  151  16:10  Swarm Host x2  
  151  16:11  Swarm Host x5  
  146  16:36  Swarm Host x5  
  139  17:27  Mutalisk x3  
  139  17:28  Mutalisk x5  
  112  18:36  Swarm Host x6  
  112  18:37  Swarm Host x3  
  139  18:46  Roach x14  
  139  18:47  Roach x8  
  183  19:05  Zergling x10  
  183  19:06  Zergling x2  
  189  19:19  Zergling x6  
  184  20:10  Roach  
  184  20:11  Roach x3  
  125  21:33  Roach x6  
  125  21:34  Roach x6  
  133  21:41  Hatchery, Hive  
  127  22:01  Mutalisk x6  
  127  22:02  Mutalisk x6  
  148  22:12  Burrow  
  142  22:26  Extractor  
  142  22:27  Extractor  
  140  22:30  Overseer x3  
  140  22:31  Overseer  
  140  22:35  Overseer  
  118  23:37  Spore Crawler  
  118  23:38  Spore Crawler  
  118  23:39  Spine Crawler  
  118  23:41  Spine Crawler x2  
  109  24:07  Mutalisk x2  
  109  24:08  Mutalisk x7  
  109  24:09  Mutalisk x7  
  135  24:10  Mutalisk  
  135  24:15  Extractor  
  108  25:15  Mutalisk  
  108  25:16  Mutalisk x14  
  138  25:33  Hatchery  
  137  25:40  Mutalisk  
  137  25:41  Mutalisk x3  
  145  25:52  Zergling x16  
  151  26:38  Mutalisk x2  
  151  26:39  Mutalisk x3  
  157  27:13  Zergling x12  
  157  27:14  Zergling x12  
  152  28:32  Roach x2  
  152  28:33  Overlord, Roach x5  
  166  28:34  Overlord x3  
  166  28:36  Zergling x2  
  166  28:37  Zergling x12  
  172  28:49  Hatchery  
  165  29:45  Extractor, Ultralisk Cavern  
  164  29:50  Extractor  
Tags
 
Add a new tag
Caveats
  • Supply blocks, unpowered buildings, or Contaminate may cause inaccurate times.
  • Supply counts are checked every 10 seconds.